 Dungeon Crawl Stone Soup version 0.21.1-1-g345015f (webtiles) character file.

111 letownia2 the Charmwright (level 4, -4/34 HPs)
             Began as a Merfolk Skald on Mar 14, 2018.
             Slain by a gnoll
             ... wielding a cursed -1 halberd
              (12 damage)
             ... on level 4 of the Dungeon.
             The game lasted 00:03:58 (695 turns).

letownia2 the Charmwright (Merfolk Skald)            Turns: 695, Time: 00:03:58

Health: -4/34      AC:  3    Str: 11    XL:     4   Next: 92%
Magic:  3/7        EV: 12    Int: 13    God:
Gold:   125        SH:  0    Dex: 13    Spells: 1/7 levels left

rFire    . . .     SeeInvis .   g - +2 short sword (venom)
rCold    . . .     Gourm    .   (no shield)
rNeg     . . .     Faith    .   b - +0 leather armour
rPois    .         Spirit   .   (no helmet)
rElec    .         Reflect  .   (no cloak)
rCorr    +         Harm     .   (no gloves)
MR       .....                  (no boots)
Stlth    +.........             (no amulet)
HPRegen  0.11/turn              l - ring of resist corrosion
MPRegen  0.10/turn              (no ring)

@: no status effects
A: change form in water, swift swim, stealthy swim
a: no special abilities


You were on level 4 of the Dungeon.
You were not hungry.

You visited 1 branch of the dungeon, and saw 5 of its levels.

You collected 125 gold pieces.

Inventory:

Hand Weapons
 a - a +0 spear
 g - a +2 short sword of venom (weapon)
Armour
 b - a +0 leather armour (worn)
Jewellery
 l - a ring of resist corrosion (left hand)
Wands
 h - a wand of paralysis (10)
Scrolls
 e - a scroll of teleportation {unknown}
 i - a scroll of remove curse {unknown}
 j - a scroll of immolation {unknown}
 m - a scroll of fear {unknown}
Potions
 f - 3 potions of curing {unknown}
 k - a potion of brilliance {unknown}
 o - a potion of agility {unknown}
Books
 c - a book of Battle

   Spells                             Type                      Level
   a - Infusion                       Charms                       1
   b - Shroud of Golubria             Charms/Translocation         2
   c - Song of Slaying                Charms                       2
   d - Spectral Weapon                Hexes/Charms                 3
   e - Regeneration                   Charms/Necromancy            3
Comestibles
 d - 3 rations


   Skills:
 + Level 2.4 Fighting
 - Level 3.0 Polearms
 - Level 0.6 Armour
 - Level 2.6 Dodging
 - Level 2.0 Spellcasting
 - Level 5.2 Charms
 - Level 1.7 Translocations


You had one spell level left.
You knew the following spells:

 Your Spells              Type           Power        Failure   Level  Hunger
a - Infusion              Chrm           ##..         3%          1    ##.....
t - Shroud of Golubria    Chrm/Tloc      ##........   12%         2    ###....
x - Spectral Weapon       Hex/Chrm       #.......     34%         3    ####...


Dungeon Overview and Level Annotations

Branches:
Dungeon (5/15)
 Temple: D:4-7

Altars:
Okawaru


Message History

Your shroud bends the gnoll's attack away.
Your shroud bends the gnoll's attack away.
You hit the gnoll.
The gnoll is poisoned.
The gnoll is lightly wounded.
Your spectral weapon barely misses the gnoll.
The gnoll hits you with a halberd!
Your shroud falls apart!
The gnoll misses your spectral weapon.
You hit the gnoll but do no damage.
The gnoll looks even sicker.
The gnoll is lightly wounded.
Your spectral weapon hits the gnoll.
The gnoll looks as sick as possible!
The gnoll hits you with a halberd.
* * * LOW HITPOINT WARNING * * *
The gnoll barely misses you.
Unknown command.
You barely miss the gnoll.
The gnoll is moderately wounded.
Your spectral weapon hits the gnoll.
The gnoll looks as sick as possible!
The gnoll hits you with a halberd!
You die...

...# #......#
.#.# #.###..##.
#. .#.# #.#
#.## .## #.
##.# #.# #.#
..###. #.# #.#
#.# #.#.. #.#
#.# #.# #...
#.# #.# #.#
#g.# #.# #.#
#.# #gg# #.#
#.# #.# #@(#
#.# #.# #.#
#..# #.# #.#
#.####..# .#
#.# #.#
#.##....# .#
#.# #.#
#...>..## .#
#.#
#.###.†..÷.##
.# #.#
#.##........#
.# #.#
#.##.(....#.#
##.# #.#
#.##..#####.###
#..#


You could see 3 gnolls and a friendly spectral short sword of venom.

Vanquished Creatures
  Ijyb (D:3)
  A worker ant (D:5)
  3 adders (D:4)
  An ooze (D:2)
  A worm (D:3)
  2 bats
  A giant cockroach (D:3)
  2 goblins
  5 hobgoblins
  2 jackals (D:3)
  A frilled lizard (D:4)
  7 kobolds
  A leopard gecko skeleton (D:4)
  3 rats
31 creatures vanquished.

Notes
Turn   | Place    | Note
-------+----------+-------------------------------------------
     0 | D:1      | letownia2 the Merfolk Skald began the quest for the Orb.
     0 | D:1      | Reached XP level 1. HP: 16/16 MP: 3/3
   136 | D:2      | Reached XP level 2. HP: 22/22 MP: 0/5
   161 | D:1      | Reached skill level 4 in Charms
   167 | D:1      | Learned a level 2 spell: Shroud of Golubria
   249 | D:3      | Noticed Ijyb
   249 | D:3      | Paralysed by Ijyb for 6 turns
   261 | D:3      | Paralysed by Ijyb for 5 turns
   267 | D:3      | Killed Ijyb
   267 | D:3      | Reached skill level 1 in Translocations
   267 | D:3      | Reached XP level 3. HP: 23/27 MP: 4/6
   277 | D:3      | Learned a level 3 spell: Spectral Weapon
   291 | D:3      | Found an iron altar of Okawaru.
   368 | D:3      | Reached XP level 4. HP: 26/33 MP: 2/7
   442 | D:5      | Entered Level 5 of the Dungeon
   484 | D:4      | Reached skill level 5 in Charms
   695 | D:4      | Slain by a gnoll

Skill      XL: |  1  2  3  4 |
---------------+-------------+-----
Charms         | 4 5 |  5.2
Translocations | 1 |  1.7
Fighting       | |  2.4
Polearms       | |  3.0
Armour         | |  0.6
Dodging        | |  2.6
Spellcasting   | |  2.0

Action                   |  1- 3 |  4- 6 || total
-------------------------+-------+-------++-------
Melee: Spear             |    31 |       ||    31
       Short sword       |    36 |    37 ||    73
 Cast: Infusion          |     8 |       ||     8
       Shroud of Golubri |     3 |     7 ||    10
       Spectral Weapon   |       |     1 ||     1
  Eat: Chunk             |       |     1 ||     1
Armor: Leather armour    |     9 |     6 ||    15
Dodge: Dodged            |    30 |    19 ||    49
